Map: Echo LE (Void)

Players

gelous - Winner!

  • Race: Protoss Protoss
  • League: Gold
  • Spawn Location: 11:00

fropez

  • Race: Protoss Protoss
  • League: Gold
  • Spawn Location: 5:00

VOD

Have the link to the VOD?

Description

Time

  • Played on: Dec. 14, 2016, 1 p.m.
  • Length: 8:43
Show
View Real Time Build Order
Export as new Build Order

gelous Protoss - Winner!

Build Orders:  

Get SALT Encoding   

  12  0:01  Probe (Chrono Boost)  
  13  0:11  Probe (Chrono Boost)  
  14  0:17  Pylon  
  14  0:23  Probe (Chrono Boost)  
  16  0:35  Probe (Chrono Boost)  
  16  0:40  Gateway  
  16  0:43  Assimilator  
  16  0:47  Probe (Chrono Boost)  
  17  0:58  Probe (Chrono Boost)  
  18  1:09  Probe (Chrono Boost)  
  19  1:13  Gateway  
  19  1:15  Assimilator  
  19  1:20  Probe (Chrono Boost)  
  20  1:31  Probe (Chrono Boost)  
  21  1:36  Cybernetics Core  
  20  1:48  Probe (Chrono Boost)  
  20  1:51  Pylon  
  21  1:58  Probe (Chrono Boost)  
  22  2:13  Probe (Chrono Boost)  
  27  2:17  Stalker x2  
  27  2:19  Warp Gate  
  27  2:26  Mothership Core (Chrono Boost)  
  29  2:48  Stalker  
  31  2:56  Pylon  
  31  3:13  Stalker  
  31  3:17  Nexus  
  33  3:21  Pylon  
  33  3:30  Gateway  
  33  3:32  Gateway  
  33  3:36  Twilight Council, Probe (Chrono Boost), Stalker  
  37  3:55  Stalker  
  38  4:05  Blink  
  38  4:26  Stalker x2  
  42  4:43  Robotics Facility  
  42  4:52  Dark Shrine  
  42  5:05  Nexus  
  40  5:23  Probe (Chrono Boost)  
  41  5:28  Stalker  
  41  5:29  Stalker x2  
  47  5:53  Pylon  
  47  5:56  Pylon  
  47  6:00  Probe (Chrono Boost)  
  47  6:01  Warp Prism  
  46  6:11  Probe (Chrono Boost)  
  43  6:21  Probe (Chrono Boost)  
  43  6:24  Stalker  
  43  6:25  Stalker x3  
  50  6:28  Probe (Chrono Boost)  
  51  6:39  Probe x2 (Chrono Boost)  
  53  6:51  Probe (Chrono Boost)  
  53  6:52  Probe (Chrono Boost)  
  55  6:57  Assimilator  
  55  7:02  Dark Templar x2  
  55  7:04  Dark Templar  
  61  7:37  Stalker x3  
  61  8:12  Stalker x4  
  61  8:37  Stalker x3  
Show
View Real Time Build Order
Export as new Build Order

fropez Protoss 

Build Orders:  

Get SALT Encoding   

  12  0:00  Probe (Chrono Boost)  
  13  0:11  Probe (Chrono Boost)  
  14  0:18  Pylon  
  14  0:22  Probe (Chrono Boost)  
  15  0:36  Probe (Chrono Boost)  
  15  0:38  Gateway  
  15  0:42  Assimilator  
  16  0:47  Probe (Chrono Boost)  
  17  0:57  Probe (Chrono Boost)  
  18  1:08  Probe (Chrono Boost)  
  19  1:18  Probe (Chrono Boost), Gateway  
  20  1:26  Cybernetics Core  
  20  1:29  Probe (Chrono Boost)  
  21  1:39  Probe (Chrono Boost)  
  22  1:41  Assimilator  
  23  2:00  Nexus  
  22  2:04  Warp Gate  
  22  2:27  Pylon  
  23  2:37  Probe (Chrono Boost)  
  23  2:39  Pylon  
  23  2:45  Stalker x2  
  23  2:51  Probe (Chrono Boost)  
  27  3:01  Pylon  
  29  3:06  Mothership Core (Chrono Boost)  
  29  3:13  Pylon  
  29  3:15  Probe (Chrono Boost), Stalker x2  
  34  3:25  Probe (Chrono Boost)  
  35  3:31  Probe (Chrono Boost)  
  36  3:37  Probe (Chrono Boost)  
  37  3:42  Probe (Chrono Boost)  
  39  3:50  Probe (Chrono Boost)  
  43  3:57  Pylon  
  39  4:06  Twilight Council  
  39  4:07  Pylon  
  39  4:16  Stalker x2  
  41  4:31  Blink  
  41  4:33  Probe (Chrono Boost)  
  41  4:34  Probe (Chrono Boost)  
  41  4:35  Assimilator  
  41  4:38  Pylon, Assimilator  
  43  4:41  Stalker x2  
  43  4:43  Probe (Chrono Boost)  
  48  4:49  Probe (Chrono Boost)  
  49  4:54  Probe (Chrono Boost)  
  51  5:01  Probe (Chrono Boost)  
  51  5:04  Probe (Chrono Boost)  
  50  5:11  Pylon  
  50  5:13  Probe (Chrono Boost)  
  51  5:15  Pylon  
  51  5:16  Stalker x2  
  51  5:20  Probe (Chrono Boost)  
  56  5:26  Probe (Chrono Boost)  
  57  5:28  Pylon  
  57  5:30  Probe (Chrono Boost)  
  58  5:38  Probe (Chrono Boost)  
  58  5:41  Probe (Chrono Boost)  
  60  5:43  Robotics Facility  
  60  5:45  Pylon  
  61  5:50  Probe (Chrono Boost), Stalker  
  61  5:51  Probe (Chrono Boost)  
  56  6:15  Stalker x2  
  51  6:27  Probe (Chrono Boost)  
  51  6:28  Probe (Chrono Boost)  
  53  6:35  Forge  
  53  6:37  Gateway  
  53  6:38  Probe (Chrono Boost), Gateway  
  55  6:41  Probe (Chrono Boost)  
  55  6:44  Immortal  
  55  6:45  Sentry  
  55  6:46  Sentry  
  65  6:57  Mothership Core (Chrono Boost)  
  65  7:10  Probe (Chrono Boost)  
  65  7:12  Pylon  
  67  7:17  Probe (Chrono Boost)  
  67  7:19  Stalker x2  
  72  7:23  Probe (Chrono Boost)  
  72  7:25  Pylon  
  72  7:29  Probe (Chrono Boost)  
  73  7:35  Probe (Chrono Boost)  
  74  7:37  Observer  
  74  7:41  Probe (Chrono Boost)  
  76  7:50  Pylon  
  65  8:14  Probe (Chrono Boost)  
  65  8:17  Probe (Chrono Boost)  
  65  8:20  Stalker x2  
  65  8:26  Probe (Chrono Boost)  
  64  8:29  Probe (Chrono Boost)  
Tags
 
League
GoldGold
Matchup
PvP
Replay Pack
All Mines
Spawn Locations
Cross Positions
Add a new tag
Caveats
  • Supply blocks, unpowered buildings, or Contaminate may cause inaccurate times.
  • Supply counts are checked every 10 seconds.